 Dungeon Crawl Stone Soup version 0.23.2-30-g0e89c35649 (webtiles) character file.

Game seed: 7049934920234972829

1503 HammerPanzer the Carver (level 8, -2/73 HPs)
             Began as a Green Draconian Berserker on June 8, 2019.
             Was a Priest of Trog.
             Shot with an arrow by a centaur (9 damage)
             ... on level 7 of the Dungeon.
             The game lasted 00:14:34 (5923 turns).

HammerPanzer the Carver (Green Draconian Berserker) Turns: 5923, Time: 00:14:35

Health: -2/73      AC:  8    Str: 22    XL:     8   Next: 52%
Magic:  8/8        EV: 12    Int:  7    God:    Trog [***...]
Gold:   376        SH:  0    Dex: 11    Spells: 7/7 levels left

rFire    . . .     SeeInvis .   p - +0 long sword
rCold    . . .     Gourm    .   (no shield)
rNeg     . . .     Faith    .   (armour unavailable)
rPois    +         Spirit   .   (helmet restricted)
rElec    .         Reflect  .   (no cloak)
rCorr    .         Harm     .   (no gloves)
MR       .....                  (no boots)
Stlth    +.........             (no amulet)
HPRegen  0.22/turn              n - +2 ring of protection
MPRegen  0.11/turn              (no ring)

@: about to teleport
A: breathe noxious fumes, unfitting armour, poison resistance, cold-blooded, AC
+6
a: Breathe Noxious Fumes, Berserk, Trog's Hand, Renounce Religion


You were on level 7 of the Dungeon.
You worshipped Trog.
Trog was most pleased with you.
You were hungry.

You visited 1 branch of the dungeon, and saw 7 of its levels.

You collected 376 gold pieces.

Inventory:

Hand Weapons
 p - a +0 long sword (weapon)
Jewellery
 n - a +2 ring of protection (left hand)
Wands
 l - a wand of flame (10)
 m - a wand of paralysis (10)
 t - a wand of polymorph (5)
Scrolls
 a - a scroll of fear
 c - 4 scrolls of remove curse
 d - 3 scrolls of enchant weapon
 q - a scroll of magic mapping
 s - a scroll of amnesia {unknown}
 u - a scroll of holy word {unknown}
Potions
 f - 2 potions of flight
 g - 2 potions of might
 h - a potion of ambrosia
 i - 3 potions of lignification
 k - a potion of degeneration {unknown}
 o - a potion of curing {unknown}
 r - a potion of agility {unknown}
Comestibles
 b - 10 rations
 j - 2 chunks of flesh


   Skills:
 + Level 7.5 Fighting
 * Level 9.2 Long Blades
 - Level 2.7 Dodging


You had 7 spell levels left.
You didn't know any spells.
Your spell library was empty.

Dungeon Overview and Level Annotations

Branches:
Dungeon (7/15)
 Temple: D:4-7

Altars:
Fedhas
Hepliaklqana
Kikubaaqudgha
Makhleb
Ru
Uskayaw
Vehumet

Annotations:
D:7 2 transporters


Innate Abilities, Weirdness & Mutations

You can breathe blasts of noxious fumes.
Your lurid green scales are hard. (AC +6)
You cannot fit into any form of body armour.
Your system is resistant to poisons. (rPois)
You are cold-blooded and may be slowed by cold attacks.


Message History

You are feeling hungry.
The centaur shoots an arrow.
The arrow hits you!
The orc priest calls down the wrath of Beogh upon you.
Beogh smites you!
You hear a screech!
You see here an arrow.
As you read the scroll of teleportation, it crumbles to dust.
You feel strangely unstable.
Your surroundings suddenly seem different.
The centaur shoots an arrow.
The arrow barely misses you.
The orc priest calls down the wrath of Beogh upon you.
Beogh smites you!
* * * LOW HITPOINT WARNING * * *
You see here an arrow.
The orc priest invokes the aid of Beogh against you.
Beogh smites you!
* * * LOW HITPOINT WARNING * * *
As you read the scroll of teleportation, it crumbles to dust.
You feel strangely unstable.
The centaur shoots an arrow.
The arrow hits you!
You die...

.. .> .. #.# .. ###.. .#
..##.. .##.##..#####
....#......######
#[......#.#.#............
.#.......#@#........######
.........#(##............#
............#........###.##
...................# #...
#.....o..#.......#######
#..co....#..............
#...(.oo.#.......#######
#....(...#.......#
#........#...#####


You could see a centaur, an orc priest and 3 orcs.

Vanquished Creatures
  Sigmund (D:2)
  A centaur (D:6)
  An ogre (D:6)
  The ghost of konso the Grasshopper, an amateur SpWr of Dithmenos (D:3)
  2 bullfrogs
  2 scorpions
  A bullfrog zombie (D:5)
  3 crimson imps (D:5)
  A jelly (D:7)
  3 quasits (D:3)
  A hound (D:7)
  3 orc wizards
  An iguana (D:6)
  Natasha (thrice) (D:2)
  6 worker ants
  A hound skeleton (D:5)
  7 adders
  7 gnolls
  A white imp (D:5)
  2 oozes
  An adder zombie (D:5)
  2 adder skeletons (D:4)
  2 dart slugs (D:1)
  3 worms
  4 leopard geckos
  9 orcs
  2 giant cockroaches
  9 goblins
  8 hobgoblins
  6 jackals
  A quokka (D:2)
  8 bats
  5 frilled lizards
  A jackal skeleton (D:4)
  4 kobolds
  4 rats
117 creatures vanquished.

Vanquished Creatures (others)
  A bush (D:6)
1 creature vanquished.

Grand Total: 118 creatures vanquished

Notes
Turn   | Place    | Note
-------+----------+-------------------------------------------
     0 | D:1      | HammerPanzer the Draconian Berserker began the quest for
                  | the Orb.
     0 | D:1      | Reached XP level 1. HP: 19/19 MP: 1/1
   152 | D:1      | Reached XP level 2. HP: 26/26 MP: 2/2
   979 | D:2      | Found an ancient bone altar of Kikubaaqudgha.
   988 | D:2      | Noticed Sigmund
  1098 | D:2      | Found a burning altar of Makhleb.
  1115 | D:2      | Reached XP level 3. HP: 33/33 MP: 3/3
  1156 | D:2      | Reached skill level 4 in Long Blades
  1301 | D:2      | Noticed Natasha
  1304 | D:2      | Killed Natasha
  1345 | D:2      | Noticed Natasha
  1351 | D:2      | Killed Natasha
  1351 | D:2      | Reached XP level 4. HP: 36/40 MP: 4/4
  1355 | D:2      | Reached ** piety under Trog
  1361 | D:2      | Noticed a +0 hand axe
  1361 | D:2      | Noticed a +0 hand axe
  1650 | D:2      | Found a hide-covered altar of Uskayaw.
  1768 | D:2      | Killed Sigmund
  1768 | D:2      | Reached skill level 5 in Fighting
  1768 | D:2      | Reached skill level 5 in Long Blades
  1768 | D:2      | Reached XP level 5. HP: 48/48 MP: 5/5
  1780 | D:2      | Found a sacrificial altar of Ru.
  1836 | D:2      | Reached XP level 6. HP: 56/56 MP: 6/6
  1842 | D:2      | Noticed Natasha
  1852 | D:2      | Killed Natasha
  2184 | D:3      | Found a transporter.
  2193 | D:3      | Noticed konso's ghost (amateur SpWr)
  2215 | D:3      | Reached skill level 6 in Long Blades
  2375 | D:3      | Found a hazy altar of Hepliaklqana.
  2550 | D:3      | Killed konso's ghost
  2559 | D:3      | Found a transporter.
  2734 | D:3      | Reached *** piety under Trog
  2734 | D:3      | Your scales start taking on a lurid green colour.
  2734 | D:3      | Reached XP level 7. HP: 62/62 MP: 7/7
  2734 | D:3      | Gained mutation: Your system is resistant to poisons.
                  | (rPois) [Green Draconian growth]
  3196 | D:4      | Reached skill level 7 in Long Blades
  3366 | D:4      | Found a radiant altar of Vehumet.
  4357 | D:5      | Entered Level 5 of the Dungeon
  4710 | D:5      | Reached skill level 8 in Long Blades
  4755 | D:5      | Reached XP level 8. HP: 70/71 MP: 8/8
  5092 | D:6      | Found a blossoming altar of Fedhas.
  5489 | D:6      | Reached skill level 9 in Long Blades
  5866 | D:7      | Found a transporter.
  5880 | D:7      | Found a transporter.
  5885 | D:7      | Noticed a moth of wrath
  5923 | D:7      | Shot with an arrow by a centaur

Skill      XL: |  1  2  3  4  5  6  7  8 |
---------------+-------------------------+-----
Long Blades    | 4 5 6 8 9 |  9.2
Fighting       | 4 5 6 7 |  7.5
Dodging        | |  2.7

Action                   |  1- 3 |  4- 6 |  7- 9 || total
-------------------------+-------+-------+-------++-------
Melee: Falchion          |    78 |    85 |    49 ||   212
       Tailslap          |     9 |    12 |    31 ||    52
       Long sword        |       |       |   149 ||   149
Invok: Berserk           |     3 |     3 |     2 ||     8
 Abil: Breathe Noxious F |       |       |     2 ||     2
  Use: Scroll            |     2 |     4 |     7 ||    13
 Stab: Paralysed         |       |     1 |       ||     1
       Sleeping          |       |     1 |       ||     1
  Eat: Chunk             |     3 |     8 |     8 ||    19
       Ration            |       |       |     1 ||     1
Armor: Skin              |    15 |    56 |    54 ||   125
Dodge: Dodged            |    62 |    71 |   114 ||   247
       Rpst.: Falchion   |    20 |    21 |     8 ||    49
       Long sword        |       |       |    21 ||    21
